[ AOE2 MATCH · #506509871 ]
UnrankedGurjaras vs Koreans
Player's team · WIN
Rival team · LOSS
[ REPLAY ANALYSIS · EXTRACTED FROM THE RECORDED GAME ]
Feudal
8:25
Castle
23:07
Imperial
39:57
| APM avg | 64.6 |
| APM peak | 116 |
| eAPM avg | 35.7 |
| Villagers / military | 197 / 102 |
Focus
⚔️ 48.9% · 🌾 51.1%
Skirmisher ×68 · Scout Cavalry ×12 · Archer ×6 · Mangonel ×6 · Chakram Thrower ×6 · Trebuchet (Packed) ×4
Feudal
8:51
Castle
24:40
Imperial
—
| APM avg | 78.8 |
| APM peak | 109 |
| eAPM avg | 37.0 |
| Villagers / military | 140 / 72 |
Focus
⚔️ 55.3% · 🌾 44.7%
Skirmisher ×43 · Spearman ×14 · Iron Pagoda ×9 · Militia ×3 · Battering Ram ×2 · Fire Lancer ×1
Match map
Initial resources + every placement click. Lines = walls · curves = elevation contours. ◆ gold · ⬟ stone · ● berries · ✦ relic · ◌ wall gap
Your base· Open — 4t gap
PatrickJane's base· Open — 4t gap
Smoothed initial terrain · ◌ = detected wall gap · hover for details
Inputs per minute
— MicroDA - - PatrickJane
Build order — MicroDA
First 150 of 443 actions detected
| 0:00 | Create | Villager (Male) |
| 0:00 | Create | Villager (Male) |
| 0:01 | Build | House |
| 0:02 | Build | House |
| 0:12 | Create | Villager (Male) |
| 0:14 | Create | Villager (Male) |
| 0:32 | Build | Mill |
| 1:26 | Research | Loom |
| 1:30 | Create | Villager (Male) |
| 1:59 | Create | Villager (Male) |
| 1:59 | Create | Villager (Male) |
| 2:25 | Create | Villager (Male) |
| 2:25 | Create | Villager (Male) |
| 2:40 | Create | Villager (Male) |
| 3:14 | Create | Villager (Male) |
| 3:29 | Create | Villager (Male) |
| 3:39 | Create | Villager (Male) |
| 3:47 | Build | House |
| 3:51 | Build | House |
| 4:17 | Build | Lumber Camp |
| 4:30 | Create | Villager (Male) |
| 4:30 | Create | Villager (Male) |
| 4:32 | Create | Villager (Male) |
| 5:00 | Create | Villager (Male) |
| 5:09 | Create | Villager (Male) |
| 5:18 | Research | Loom |
| 6:06 | Research | Feudal Age |
| 6:06 | Research | Feudal Age |
| 7:02 | Build | House |
| 7:13 | Build | Barracks |
| 7:16 | Create | Villager (Male) |
| 7:29 | Create | Villager (Male) |
| 7:34 | Create | Villager (Male) |
| 8:07 | Create | Villager (Male) |
| 8:11 | Create | Villager (Male) |
| 8:13 | Create | Villager (Male) |
| 8:25 | Age | Feudal Age |
| 8:27 | Build | Stable |
| 8:30 | Create | Villager (Male) |
| 8:33 | Create | Villager (Male) |
| 8:42 | Build | House |
| 8:45 | Build | Palisade Wall |
| 8:47 | Create | Villager (Male) |
| 8:58 | Build | Palisade Wall |
| 9:00 | Create | Villager (Male) |
| 9:07 | Research | Double-Bit Axe |
| 9:11 | Create | Scout Cavalry |
| 9:22 | Research | Horse Collar |
| 9:26 | Create | Villager (Male) |
| 9:29 | Build | House |
| 9:31 | Build | Palisade Wall |
| 9:37 | Create | Scout Cavalry |
| 9:38 | Create | Villager (Male) |
| 9:40 | Build | Farm |
| 9:52 | Build | House |
| 9:57 | Build | House |
| 9:59 | Build | Palisade Wall |
| 10:02 | Create | Villager (Male) |
| 10:06 | Build | Palisade Wall |
| 10:09 | Create | Villager (Male) |
| 10:10 | Build | Palisade Wall |
| 10:16 | Create | Scout Cavalry |
| 10:16 | Create | Scout Cavalry |
| 10:19 | Build | House |
| 10:22 | Build | Palisade Wall |
| 10:23 | Build | Palisade Wall |
| 10:25 | Create | Villager (Male) |
| 10:54 | Create | Villager (Male) |
| 10:59 | Create | Villager (Male) |
| 11:18 | Build | Archery Range |
| 11:23 | Build | House |
| 11:27 | Research | Horse Collar |
| 11:30 | Build | Farm |
| 11:30 | Build | Farm |
| 11:33 | Build | Farm |
| 11:44 | Build | House |
| 11:47 | Create | Villager (Male) |
| 11:48 | Create | Villager (Male) |
| 11:53 | Build | House |
| 12:07 | Build | House |
| 12:09 | Create | Villager (Male) |
| 12:18 | Create | Skirmisher |
| 12:22 | Build | Farm |
| 12:23 | Build | Farm |
| 12:30 | Build | Palisade Wall |
| 12:31 | Build | Palisade Wall |
| 12:32 | Build | Palisade Wall |
| 12:39 | Create | Villager (Male) |
| 12:40 | Create | Villager (Male) |
| 12:41 | Create | Skirmisher |
| 12:53 | Build | Farm |
| 12:56 | Build | House |
| 13:04 | Create | Villager (Male) |
| 13:06 | Build | Farm |
| 13:09 | Create | Skirmisher |
| 13:20 | Build | Farm |
| 13:23 | Create | Villager (Male) |
| 13:31 | Create | Skirmisher |
| 13:43 | Create | Villager (Male) |
| 13:54 | Create | Villager (Male) |
| 14:01 | Build | Lumber Camp |
| 14:14 | Create | Archer |
| 14:41 | Create | Villager (Male) |
| 14:43 | Create | Scout Cavalry |
| 14:43 | Create | Scout Cavalry |
| 14:54 | Create | Skirmisher |
| 15:01 | Create | Villager (Male) |
| 15:22 | Create | Skirmisher |
| 15:22 | Create | Skirmisher |
| 15:30 | Build | Farm |
| 15:31 | Build | Farm |
| 15:32 | Build | Farm |
| 15:35 | Create | Skirmisher |
| 15:38 | Create | Skirmisher |
| 15:42 | Create | Villager (Male) |
| 15:46 | Build | Archery Range |
| 15:53 | Create | Villager (Male) |
| 16:00 | Create | Skirmisher |
| 16:00 | Create | Skirmisher |
| 16:10 | Create | Skirmisher |
| 16:11 | Create | Skirmisher |
| 16:23 | Build | Palisade Gate |
| 16:34 | Create | Skirmisher |
| 16:36 | Create | Skirmisher |
| 16:36 | Create | Skirmisher |
| 16:59 | Build | Mining Camp |
| 17:01 | Build | Mining Camp |
| 17:03 | Build | Farm |
| 17:11 | Create | Villager (Male) |
| 17:11 | Create | Villager (Male) |
| 17:28 | Create | Villager (Male) |
| 17:28 | Create | Villager (Male) |
| 17:30 | Create | Villager (Male) |
| 17:30 | Create | Villager (Male) |
| 17:34 | Build | Mill |
| 17:34 | Build | Farm |
| 17:34 | Build | Farm |
| 17:35 | Build | Farm |
| 17:35 | Build | Farm |
| 17:35 | Build | Farm |
| 18:02 | Create | Villager (Male) |
| 18:05 | Create | Villager (Male) |
| 18:24 | Build | Market |
| 18:25 | Create | Archer |
| 18:32 | Create | Skirmisher |
| 18:36 | Create | Skirmisher |
| 18:42 | Build | House |
| 18:46 | Create | Villager (Male) |
| 19:03 | Create | Skirmisher |
| 19:03 | Create | Skirmisher |
Build order — PatrickJane
First 150 of 409 actions detected
| 0:01 | Create | Villager (Male) |
| 0:02 | Build | House |
| 0:02 | Build | House |
| 0:04 | Create | Villager (Male) |
| 0:10 | Create | Villager (Male) |
| 0:10 | Create | Villager (Male) |
| 1:25 | Create | Villager (Male) |
| 1:54 | Build | Lumber Camp |
| 2:01 | Create | Villager (Male) |
| 2:17 | Create | Villager (Male) |
| 2:47 | Create | Villager (Male) |
| 3:07 | Create | Villager (Male) |
| 3:41 | Create | Villager (Male) |
| 3:51 | Build | House |
| 3:56 | Create | Villager (Male) |
| 4:26 | Create | Villager (Male) |
| 4:50 | Create | Villager (Male) |
| 5:02 | Create | Villager (Male) |
| 5:20 | Create | Villager (Male) |
| 5:29 | Build | Barracks |
| 5:43 | Research | Loom |
| 6:07 | Build | House |
| 6:41 | Research | Feudal Age |
| 7:07 | Create | Militia |
| 7:13 | Build | Mining Camp |
| 7:27 | Create | Militia |
| 8:00 | Create | Militia |
| 8:07 | Build | Mill |
| 8:27 | Build | House |
| 8:34 | Create | Villager (Male) |
| 8:51 | Build | Palisade Wall |
| 8:51 | Age | Feudal Age |
| 9:00 | Research | Man-at-Arms (upgrade) |
| 9:11 | Create | Villager (Male) |
| 9:15 | Build | Archery Range |
| 9:43 | Create | Villager (Male) |
| 9:53 | Create | Villager (Male) |
| 9:58 | Research | Double-Bit Axe |
| 10:01 | Build | Farm |
| 10:01 | Create | Skirmisher |
| 10:21 | Build | Farm |
| 10:24 | Create | Villager (Male) |
| 10:25 | Create | Villager (Male) |
| 11:01 | Create | Spearman |
| 11:04 | Build | Farm |
| 11:15 | Build | Farm |
| 11:16 | Build | Farm |
| 11:19 | Build | House |
| 11:26 | Create | Spearman |
| 11:36 | Build | Farm |
| 11:40 | Create | Skirmisher |
| 11:48 | Create | Villager (Male) |
| 11:48 | Create | Villager (Male) |
| 12:01 | Build | House |
| 12:02 | Create | Spearman |
| 12:06 | Build | Farm |
| 12:14 | Create | Skirmisher |
| 12:22 | Create | Villager (Male) |
| 12:37 | Build | Farm |
| 12:44 | Create | Skirmisher |
| 12:46 | Create | Spearman |
| 12:54 | Build | Watch Tower |
| 13:03 | Create | Villager (Male) |
| 13:15 | Build | Farm |
| 13:15 | Create | Skirmisher |
| 13:23 | Create | Villager (Male) |
| 13:43 | Create | Skirmisher |
| 13:52 | Create | Skirmisher |
| 14:01 | Create | Spearman |
| 14:06 | Create | Villager (Male) |
| 14:31 | Create | Villager (Male) |
| 14:37 | Create | Villager (Male) |
| 14:51 | Create | Spearman |
| 14:52 | Create | Skirmisher |
| 15:17 | Create | Spearman |
| 15:19 | Create | Villager (Male) |
| 15:31 | Create | Spearman |
| 15:33 | Build | Mining Camp |
| 15:41 | Create | Spearman |
| 15:47 | Create | Villager (Male) |
| 15:57 | Create | Skirmisher |
| 16:01 | Create | Villager (Male) |
| 16:08 | Build | House |
| 16:11 | Research | Wheelbarrow |
| 16:51 | Build | Watch Tower |
| 17:01 | Create | Spearman |
| 17:02 | Create | Skirmisher |
| 17:06 | Build | House |
| 17:07 | Build | House |
| 17:11 | Create | Spearman |
| 17:12 | Create | Skirmisher |
| 17:29 | Create | Spearman |
| 17:31 | Build | House |
| 17:32 | Build | House |
| 17:38 | Build | Blacksmith |
| 18:12 | Create | Villager (Male) |
| 18:15 | Build | House |
| 18:16 | Build | Palisade Wall |
| 18:18 | Build | Palisade Wall |
| 18:23 | Create | Villager (Male) |
| 18:26 | Research | Fletching |
| 18:26 | Research | Fletching |
| 18:38 | Build | House |
| 18:43 | Build | Farm |
| 18:47 | Build | Market |
| 19:07 | Create | Skirmisher |
| 19:08 | Create | Spearman |
| 19:09 | Create | Villager (Male) |
| 19:13 | Build | Watch Tower |
| 19:21 | Create | Villager (Male) |
| 19:29 | Build | Farm |
| 19:30 | Create | Villager (Male) |
| 19:39 | Create | Villager (Male) |
| 20:02 | Build | Watch Tower |
| 20:10 | Build | Farm |
| 20:10 | Create | Villager (Male) |
| 20:23 | Create | Skirmisher |
| 20:23 | Create | Villager (Male) |
| 20:59 | Build | Mill |
| 21:03 | Create | Skirmisher |
| 21:10 | Build | Watch Tower |
| 21:39 | Build | Farm |
| 21:40 | Build | Farm |
| 21:58 | Build | Farm |
| 22:00 | Research | Castle Age |
| 22:14 | Build | Outpost |
| 22:26 | Build | Palisade Wall |
| 22:27 | Build | Palisade Wall |
| 22:33 | Create | Spearman |
| 22:45 | Build | Watch Tower |
| 22:47 | Create | Skirmisher |
| 23:25 | Build | Lumber Camp |
| 23:33 | Create | Villager (Male) |
| 23:38 | Build | House |
| 23:40 | Build | House |
| 23:44 | Build | House |
| 23:47 | Build | House |
| 24:06 | Create | Villager (Male) |
| 24:24 | Create | Villager (Male) |
| 24:25 | Build | House |
| 24:32 | Build | Palisade Gate |
| 24:34 | Create | Villager (Male) |
| 24:40 | Age | Castle Age |
| 24:46 | Build | Watch Tower |
| 24:49 | Create | Villager (Male) |
| 25:05 | Research | Bodkin Arrow |
| 25:33 | Create | Villager (Male) |
| 26:00 | Create | Villager (Male) |
| 26:29 | Create | Skirmisher |
| 26:41 | Build | House |
Match timeline
| 5:29 | PatrickJane · first_building Barracks |
| 7:13 | MicroDA · first_building Barracks |
| 8:25 | MicroDA · age_up feudal |
| 8:27 | MicroDA · first_building Stable |
| 8:45 | MicroDA · wall_segment Palisade Wall x1 |
| 8:51 | PatrickJane · wall_segment Palisade Wall x1 |
| 8:51 | PatrickJane · age_up feudal |
| 8:58 | MicroDA · wall_segment Palisade Wall x1 |
| 9:15 | PatrickJane · first_building Archery Range |
| 9:31 | MicroDA · wall_segment Palisade Wall x1 |
| 9:59 | MicroDA · wall_segment Palisade Wall x1 |
| 10:06 | MicroDA · wall_segment Palisade Wall x1 |
| 10:10 | MicroDA · wall_segment Palisade Wall x1 |
| 10:22 | MicroDA · wall_segment Palisade Wall x1 |
| 10:23 | MicroDA · wall_segment Palisade Wall x1 |
| 11:18 | MicroDA · first_building Archery Range |
| 12:30 | MicroDA · wall_segment Palisade Wall x1 |
| 12:31 | MicroDA · wall_segment Palisade Wall x1 |
| 12:32 | MicroDA · wall_segment Palisade Wall x1 |
| 18:16 | PatrickJane · wall_segment Palisade Wall x1 |
| 18:18 | PatrickJane · wall_segment Palisade Wall x5 |
| 20:22 | MicroDA · first_market_sell 100 stone |
| 20:23 | MicroDA · first_market_buy 100 food |
| 20:30 | PatrickJane · first_market_buy 100 food |
| 22:26 | PatrickJane · wall_segment Palisade Wall x9 |
| 22:27 | PatrickJane · wall_segment Palisade Wall x9 |
| 23:07 | MicroDA · age_up castle |
| 23:15 | MicroDA · first_building Siege Workshop |
| 24:40 | PatrickJane · age_up castle |
| 26:43 | PatrickJane · wall_segment Palisade Wall x2 |
| 26:44 | PatrickJane · wall_segment Palisade Wall x4 |
| 27:09 | PatrickJane · first_building Siege Workshop |
| 28:17 | PatrickJane · wall_segment Palisade Wall x1 |
| 28:39 | PatrickJane · first_market_sell 100 stone |
| 30:02 | MicroDA · first_building Castle |
| 34:29 | MicroDA · first_building Monastery |
| 39:57 | MicroDA · age_up imperial |
| 49:39 | PatrickJane · resign |
[ AI ANALYSIS · 1 CREDIT ]
What really happened in this match?
Wolo.gg analyzes every decision: build order, eco, micro, common mistakes by bracket. Personalized analysis on WhatsApp or Discord in 30 seconds.
Civ guide
Gurjaras
Perfil
Jugador #12369748